 Dungeon Crawl Stone Soup version 0.32-a0-960-g3814254bd7 (webtiles) character file.

Game seed: 4101455195261522631

1898197 Anon1729 the Impregnable (level 27, 216/216 (224) HPs)
             Began as a Coglin Chaos Knight on Apr 17, 2024.
             Was a Favourite Plaything of Xom.
             Escaped with the Orb
             ... and 3 runes!
             The game lasted 01:38:42 (54818 turns).

Anon1729 the Impregnable (Coglin Chaos Knight)     Turns: 54818, Time: 01:38:43

HP:   216/216 (224) AC: 53    Str: 29    XL:     27
MP:   25/25         EV: 25    Int: 15    God:    Xom [.*....]
Gold: 7702          SH:  0    Dex: 29    Spells: 20/26 levels left

rFire   + . .        o - +7 scimitar of Dividends {chaos, rC+ Str+4 Int+3}
rCold   + + +        A - +9 demon blade (venom) {Ekveer}
rNeg    . . .        Q - +8 gold dragon scales
rPois   +            (helmet restricted)
rElec   +            X - +1 cloak of Starlight {*Dazzle EV+4 Stlth--}
rCorr   .            P - +4 pair of gloves of the Everdark {Rampage}
SInv    .            W - +2 pair of boots of Inquiry {rElec Regen+ Str+4}
Will    ++...        (amulet unavailable) Stlth
                     (ring unavailable)
HPRegen 1.36/turn    (ring unavailable)
MPRegen 0.19/turn    a - tertiary geotensor {rElec Slay+3 Clar RMsl}

%: repel missiles, clarity, rampage
@: lightly drained
A: off-hand wielding, slow wielding, warmup strikes, no jewellery, fangs 2,
horns 2, iridescent scales 3, camouflage 2, agile 2, clever 1, cold resistance
2, high MP 1, mutation resistance 1, strong 2, no potion heal 1, inability to
drink after injury 1, MP-powered wands, noise suppression
0: Orb of Zot
}: 3/15 runes: barnacled, silver, gossamer
a: Renounce Religion


You escaped.
You worshipped Xom.
You were a plaything of Xom.
You visited 9 branches of the dungeon, and saw 47 of its levels.
You visited the Abyss 1 time.
You also visited: Gauntlet and Ice Cave.

You collected 10060 gold pieces.
You spent 2358 gold pieces at shops.

Inventory:

Hand Weapons
 o - the +7 scimitar of Dividends (weapon) {chaos, rC+ Str+4 Int+3}
   (You subdued it on level 2 of the Orcish Mines)

   Str+4:     It affects your strength (+4).
   Int+3:     It affects your intelligence (+3).
   rC+:       It protects you from cold.
 q - the +7 Spriggan's Knife {stab, EV+4 Stlth+}
   (You found it on level 5 of the Vaults)

   Stab:      It is more effective when stabbing unaware enemies, sometimes
   treating them as though they were completely helpless.
   EV+4:      It affects your evasion (+4).
   Stlth+:    It makes you more stealthy.
 A - a +9 demon blade of venom (offhand) {Ekveer}
 V - a +3 trident
Missiles
 c - 4 stones
 C - 5 curare-tipped darts (quivered)
 Y - 7 throwing nets
Armour
 v - quicksilver dragon scales
 P - the +4 pair of gloves of the Everdark (worn) {Rampage}
   (You bought it in a shop on level 2 of the Orcish Mines)

   Rampage:   It bestows one free step when moving towards enemies.
 Q - +8 gold dragon scales (worn)
 R - a +2 cloak of preservation
 U - a +2 helmet of see invisible
 W - the +2 pair of boots of Inquiry (worn) {rElec Regen+ Str+4}
   (You found it on level 4 of the Spider Nest)

   Str+4:     It affects your strength (+4).
   rElec:     It insulates you from electricity.
   Regen+:    It increases your rate of health regeneration.
 X - the +1 cloak of Starlight (worn) {*Dazzle EV+4 Stlth--}
   (You acquired it on level 2 of the Shoals)

   *Dazzle:   It may blind those who miss an attack against the wearer in melee
   combat.
   EV+4:      It affects your evasion (+4).
   Stlth--:   It makes you much less stealthy.
 Z - the +0 pair of gloves "Neikket" {rPois rN+}
   (You found it in a Gauntlet)

   rPois:     It protects you from poison.
   rN+:       It protects you from negative energy.
Gizmo
 a - a tertiary geotensor (installed) {rElec Slay+3 Clar RMsl}
   (You invented it yourself on level 2 of the Orcish Mines)

   [tertiary geotensor]

   Slay+3:    It affects your accuracy & damage with ranged weapons and melee
   (+3).
   rElec:     It insulates you from electricity.
   Clar:      It protects you from confusion, rage, mesmerisation and fear.
   RMsl:      It protects you from missiles.
Wands
 d - a wand of flame (109)
 e - a wand of digging (26)
 g - a wand of paralysis (25)
 w - a wand of roots (36)
 D - a wand of acid (20)
 K - a wand of mindburst (19)
Scrolls
 b - 9 scrolls of poison
 k - 7 scrolls of fog
 m - 3 scrolls of silence
 s - a scroll of blinking
 t - 22 scrolls of teleportation
 y - 15 scrolls of fear
 B - 3 scrolls of revelation
 E - 2 scrolls of torment
 H - 10 scrolls of immolation
 L - 7 scrolls of vulnerability
Potions
 f - 20 potions of curing
 h - 6 potions of attraction
 i - 7 potions of haste
 j - 7 potions of berserk rage
 n - 6 potions of might
 p - 9 potions of lignification
 u - 9 potions of brilliance
 x - 6 potions of invisibility
 G - 5 potions of resistance
 J - 5 potions of enlightenment
 M - 7 potions of mutation
 N - 4 potions of heal wounds
 O - 2 potions of cancellation
 S - 6 potions of ambrosia
Miscellaneous
 r - a box of beasts
 z - a Gell's gravitambourine (2/2)
 F - a phantom mirror
 I - a lightning rod (4/4)
 T - a condenser vane


   Skills:
 + Level 20.2 Fighting
 + Level 20.6 Long Blades
 * Level 26.1 Armour
 + Level 18.0 Dodging
 + Level 16.9 Stealth
 + Level 21.6 Evocations


You had 20 spell levels left.
You knew the following spells:

 Your Spells              Type           Power      Damage    Failure   Level
a - Passwall              Erth           0%         N/A       99%         3
b - Apportation           Tloc           0%         N/A       85%         1
c - Blink                 Tloc           0%         N/A       94%         2

Your spell library contained the following spells:

 Spells                   Type           Power      Damage    Failure   Level
 Foxfire                  Conj/Fire      0%         2x1d4     85%         1
 Kiss of Death            Conj/Necr      0%         2d5       85%         1
 Shock                    Conj/Air       0%         1d3       85%         1
 Ensorcelled Hibernation  Hex/Ice        0%         N/A       94%         2
 Jinxbite                 Hex            0%         N/A       94%         2
 Lesser Beckoning         Tloc           0%         N/A       94%         2
 Momentum Strike          Conj/Tloc      0%         3d8       94%         2
 Scorch                   Fire           0%         2d5       94%         2
 Sublimation of Blood     Necr           0%         N/A       94%         2
 Fugue of the Fallen      Necr           0%         N/A       99%         3
 Hailstorm                Conj/Ice       0%         3d5       99%         3
 Inner Flame              Hex/Fire       0%         N/A       99%         3
 Maxwell's Portable Pile  Tloc           0%         2d(5-13)  99%         3
 Ozocubu's Armour         Ice            0%         N/A       99%         3
 Summon Ice Beast         Ice/Summ       0%         N/A       99%         3
 Swiftness                Air            0%         N/A       99%         3
 Teleport Other           Tloc           0%         N/A       99%         3
 Tukima's Dance           Hex            0%         N/A       99%         3
 Anguish                  Hex/Necr       0%         N/A       100%        4
 Brom's Barrelling Bould  Conj/Erth      0%         2d3       100%        4
 Cause Fear               Hex            0%         N/A       100%        4
 Dimensional Bullseye     Hex/Tloc       0%         N/A       100%        4
 Flame Wave               Conj/Fire      0%         2d4       100%        4
 Iskenderun's Mystic Bla Conj/Tloc 0%             2d3        (+2d1     100%        4
 Martyr's Knell           Necr/Summ      0%         N/A       100%        4
 Olgreb's Toxic Radiance  Alch           0%         N/A       100%        4
 Petrify                  Alch/Erth      0%         N/A       100%        4
 Sticky Flame             Fire/Alch      0%         2d4       100%        4
 Summon Blazeheart Golem  Fire/Summ      0%         N/A       100%        4
 Alistair's Intoxication  Alch           0%         N/A       100%        5
 Curse of Agony           Necr           0%         N/A       100%        5
 Fireball                 Conj/Fire      0%         3d3       100%        5
 Irradiate                Conj/Alch      0%         3d11      100%        5
 Iskenderun's Battlesphe  Conj           0%         2d6       100%        5
 Summon Forest            Summ/Tloc      0%         N/A       100%        5
 Summon Mana Viper        Hex/Summ       0%         N/A       100%        5
 Bombard                  Conj/Erth      0%         9d1       100%        6
 Conjure Ball Lightning   Conj/Air       0%         3x3d6     100%        6
 Death Channel            Necr           0%         N/A       100%        6
 Dispersal                Tloc           0%         N/A       100%        6
 Gell's Gavotte           Tloc           0%         2d(11-16) 100%        6
 Permafrost Eruption      Ice/Erth       0%         2x4d1     100%        6
 Plasma Beam              Fire/Air       0%         2x1d10    100%        6
 Sculpt Simulacrum        Ice/Alch       0%         N/A       100%        6
 Starburst                Conj/Fire      0%         6d3       100%        6
 Summon Cactus Giant      Summ           0%         N/A       100%        6
 Haunt                    Necr/Summ      0%         N/A       100%        7
 Manifold Assault         Tloc           0%         N/A       100%        7
 Orb of Destruction       Conj           0%         9d5       100%        7
 Ozocubu's Refrigeration  Ice            0%         4d7       100%        7
 Rimeblight               Ice/Necr       0%         2d3       (prima100%   7
 Discord                  Hex            0%         N/A       100%        8
 Disjunction              Tloc           0%         N/A       100%        8
 Fulsome Fusillade        Conj/Alch      0%         (3-5)d4   100%        8
 Dragon's Call            Summ           0%         N/A       100%        9
 Polar Vortex             Ice            0%         N/A       100%        9


Dungeon Overview and Level Annotations

Branches:
Dungeon (15/15)            Temple (0/1) D:7            Lair (5/5) D:9
 Shoals (4/4) Lair:3       Spider (4/4) Lair:3        Slime (0/5) Lair:5
    Orc (2/2) D:10            Elf (3/3) Orc:2        Vaults (5/5) D:14
  Crypt (0/3) Vaults:2     Depths (4/4) D:15            Zot (5/5) Depths:4
  IceCv (visited)         Gauntlet (visited)

Altars:
Ashenzari
Cheibriados
Dithmenos
Elyvilon
Fedhas
Makhleb
Sif Muna
Trog
Uskayaw
Vehumet
Wu Jian
Xom
Zin
The Shining One
Jiyva

Shops:
D:7 (   D:9 [   D:10 [   Orc:2 [([*   Elf:1 (:   Shoals:1 *   Shoals:3 :
Depths:3 :

Portals:
Hell: Depths:1 Depths:2 Depths:3 Depths:4
Abyss: Depths:2 Depths:3
Pandemonium: Depths:2
Ziggurat: Depths:4

Annotations:
Elf:2 3 runed translucent doors
Depths:4 3 runed translucent doors, exclusion: 3 doors, Kuligiro's ghost, veteran DsWn
Zot:1 2 transporters, exclusion: obsidian statue
Zot:3 exclusion: downstairs


Innate Abilities, Weirdness & Mutations

You can wield a second weapon in your off-hand.
It takes a long time for you to wield or remove held weapons.
Your first few attacks do less damage.
You cannot equip rings or amulets.
You have extremely sharp teeth.
You have a pair of horns on your head.
You are completely covered in iridescent scales. (AC +6)
Your skin blends seamlessly with your surroundings (Stealth++).
You are very agile. (Dex +8, Str/Int -2)
Your mind is acute. (Int +4, Str/Dex -1)
Your flesh is very cold resistant. (rC++)
You have an increased reservoir of magic. (+10% MP)
You are somewhat resistant to further mutation.
Your muscles are very strong. (Str +8, Int/Dex -2)
Potions are less effective at restoring your health.
You occasionally lose the ability to drink potions when taking damage.
You expend magic power (3 MP) to strengthen your wands.
You passively dampen the noise of your surroundings.


Message History

You hit Xoew Agu but do no damage.
Xoew Agu appears confused.
Xoew Agu is almost dead.
The helpless Xoew Agu fails to defend itself.
You slice Xoew Agu like a ripe choko with your +9 demon blade of venom!!!!
You kill Xoew Agu!
There is an escape hatch in the ceiling here.
A mysterious force pulls you upwards. The hatch slams shut behind you.
What level of the Dungeon? (default 1, ? - help)
A cherub comes into view.
It is wielding a +0 long sword of flaming and wearing a +0 robe of willpower.
The cherub moves out of view.
There is a stone staircase leading up here.
You climb upwards.
There is a stone staircase leading down here.
HP restored.
There is an escape hatch in the ceiling here.
A mysterious force pulls you upwards. The hatch slams shut behind you.
You see here a jackal skeleton.
A Brimstone Fiend comes into view.
You rampage towards the Brimstone Fiend!
You barely miss the Brimstone Fiend with your +9 demon blade of venom.
You headbutt the Brimstone Fiend, but do no damage.
You bite the Brimstone Fiend.
The Brimstone Fiend is lightly wounded.
You slash the Brimstone Fiend with the +7 scimitar of Dividends!
You freeze the Brimstone Fiend.
You hit the Brimstone Fiend with the +7 scimitar of Dividends.
The Brimstone Fiend convulses.
You headbutt the Brimstone Fiend, but do no damage.
The Brimstone Fiend is moderately wounded.
You carve the Brimstone Fiend like a ham with your +9 demon blade of venom!!!
You slash the Brimstone Fiend with the +7 scimitar of Dividends!
The Brimstone Fiend seems to speed up.
You headbutt the Brimstone Fiend.
The Brimstone Fiend is almost dead.
You slice the Brimstone Fiend with your +9 demon blade of venom!!
You kill the Brimstone Fiend!
HP restored.
You enter the shallow water.
Moving in this stuff is going to be slow.
There is a staircase leading out of the dungeon here.
You have escaped!

♣.♣ ### #.##.# #.# ♣.♣♣
#.##.# #.# ..P♣ #.##.#
#.# ...♣ #.##(# #>#
♣.♣♣ ## #.##.# ## #.#
..# ### #.##.# ### #.#
### ### #.##.#### #.#
############## ###.####
#.#
..........######@#.###
#.#
#########...#####.###
#.#
####..###.###########.#
###..~~##.#........#
#.##~~..####.######
########.###..##.#
#.....##.#####...#
#.#####.#∩########
#.#####.### ###


There were no monsters in sight!

Vanquished Creatures
  A pandemonium lord (D:4)
  3 dread liches (Zot:5)
  3 ancient liches
  9 orbs of fire (Zot:5)
  A juggernaut (Depths:4)
  Parghit (Depths:4)
  4 Killer Klowns
  3 curse toes
  Saint Roka (Vaults:2)
  Nikola (Shoals:1)
  8 golden dragons
  the Enchantress (Depths:3)
  The ghost of Qotsoore the Warrior, an adept DsFi of Okawaru (Vaults:2)
  A bone dragon (Depths:4)
  Arachne (Spider:4)
  A Tzitzimitl (Zot:2)
  4 electric golems
  A Brimstone Fiend (D:1)
  17 tentacled monstrosities
  Jorgrun (D:15)
  3 deep elf blademasters (Elf:3)
  24 Orb Guardians
  A lich (Vaults:5)
  3 titans
  9 quicksilver dragons
  4 deep elf master archers (Elf:3)
  2 sphinxes
  7 death cobs
  An Executioner (D:4)
  Kirke (Shoals:1)
  5 tengu reavers
  Donald (Shoals:2)
  11 shadow dragons
  21 storm dragons
  9 draconian knights
  Ilsuiw (Shoals:3)
  A revenant (Vaults:2)
  The ghost of Konar the Warrior, an adept CoHu of Okawaru (Shoals:1)
  6 emperor scorpions
  An iron dragon (Vaults:5)
  12 draconian monks
  7 draconian shifters
  2 draconian scorchers (Zot:1)
  A caustic shrike zombie (Depths:4)
  6 fire giants
  2 protean progenitors (Zot:1)
  17 vault wardens
  12 deep elf sorcerers
  The ghost of Nanwo the Marksgoblin, a journeyman CoHu of Okawaru (D:12)
  The ghost of miroman the Fighter, a journeyman CoHu of Fedhas (Orc:2)
  9 frost giants
  A juggernaut zombie (Depths:4)
  6 deep elf elementalists
  A reaper (Zot:1)
  4 ghost moths
  3 spriggan defenders (Depths:3)
  3 draconian annihilators
  27 ironbound preservers
  5 spectral caustic shrikes (Depths:2)
  14 very ugly things
  7 draconian stormcallers
  An orc warlord (Vaults:2)
  A caustic shrike skeleton (Depths:4)
  18 stone giants
  2 broodmothers (Spider:3)
  A formless jellyfish (Vaults:2)
  12 yellow draconians
  2 vampire knights
  6 deep elf demonologists
  4 ironbound thunderhulks
  13 deep elf annihilators
  14 purple draconians
  The ghost of miroman the Grappler, a journeyman TrMo of Qazlal (Lair:4)
  9 red draconians
  7 deep elf death magi
  4 war gargoyles
  15 green draconians
  A lorocyproca (D:15)
  A minotaur (Gauntlet)
  16 black draconians
  12 white draconians
  5 spark wasps
  10 dire elephants
  A blizzard demon (Zot:1)
  5 merfolk javelineers (Shoals:4)
  10 ettins
  A crystal guardian (Vaults:2)
  4 eidola (Vaults:2)
  The ghost of Qirphopp the Thaumaturge, a journeyman OnAl of Kikubaaqudgha (D:12)
  2 spectral krakens (Shoals:4)
  Josephine (D:15)
  3 fire dragons
  5 entropy weavers
  7 merfolk impalers
  The ghost of Wuipt the Fighter, a journeyman DjDe of Makhleb (D:12)
  13 yaktaur captains
  10 deep elf high priests
  11 ice dragons
  35 vault guards
  6 hydras
  2 ghost crabs (Shoals:4)
  4 great orbs of eyes
  2 peacekeepers
  3 merfolk avatars
  4 radroaches
  3 rakshasas
  A sphinx zombie (Depths:4)
  4 catoblepae
  3 spriggan air magi
  2 ogre magi
  5 merfolk aquamancers
  10 boulder beetles
  19 ironbound frosthearts
  A death knight (D:14)
  2 jorogumos
  16 dancing weapons
  8 centaur warriors
  A deep troll shaman (Depths:4)
  A satyr (Shoals:4)
  5 tengu warriors
  A death yak (Lair:4)
  A two-headed ogre (shapeshifter) (Vaults:5)
  9 two-headed ogres
  10 demonic crawlers
  A deep troll earth mage (Depths:3)
  4 orc high priests
  A soul eater (D:5)
  2 occultists
  Urug (D:10)
  A vampire mage (Vaults:2)
  3 spriggan berserkers
  2 titan zombies (Depths:4)
  2 titan skeletons (Depths:4)
  17 deep elf knights
  A shock serpent (shapeshifter) (Vaults:5)
  A storm dragon zombie (Depths:4)
  2 iron trolls
  A wretched star (Gauntlet)
  5 spectral merfolk (Shoals:4)
  A sun demon (Depths:2)
  2 fire crabs
  A sixfirhy (Depths:1)
  11 pharaoh ants
  3 skysharks
  A shadow wraith (Vaults:2)
  The ghost of Coehegh the Nimble, a novice DECj (D:12)
  2 goliath frogs (Zot:1)
  A skeletal warrior (Vaults:2)
  13 sea snakes
  2 golden dragon zombies (Depths:4)
  7 arcanists
  A shadow demon (Zot:3)
  13 deep elf archers
  5 glowing orange brains
  A storm dragon skeleton (Depths:4)
  8 orb spiders
  A death drake (Elf:1)
  An orange crystal statue (IceCv)
  59 deep trolls
  A golden dragon skeleton (Depths:4)
  12 lindwurms
  20 deep elf pyromancers
  7 steelbarb worms
  A necromancer (Depths:1)
  9 thermic dynamos
  10 phantasmal warriors
  A flayed ghost (Depths:3)
  8 orc knights
  A shadow dragon zombie (Depths:4)
  21 harpies
  20 ironbound convokers
  14 wolf spiders
  30 deep elf zephyrmancers
  A wolf spider (shapeshifter) (Vaults:5)
  3 fauns
  45 ugly things
  An obsidian bat (Orc:2)
  3 orc sorcerers
  A salamander (shapeshifter) (Vaults:2)
  7 elephants
  11 cyclopes
  20 manticores
  3 iron dragon skeletons
  6 meliai
  An iron dragon zombie (Depths:4)
  A salamander (D:15)
  2 kobold blastminers (Orc:2)
  29 moths of wrath
  10 vault sentinels
  5 black mambas
  An ice statue (Shoals:1)
  5 gargoyles
  9 merfolk sirens
  An eye of devastation (shapeshifter) (Vaults:2)
  A water nymph (shapeshifter) (Vaults:2)
  A black mamba (shapeshifter) (Elf:2)
  8 torpor snails
  6 water nymphs
  Maggie (D:6)
  A torpor snail (shapeshifter) (Depths:2)
  3 freezing wraiths
  8 komodo dragons
  24 cane toads
  13 rime drakes
  A tengu conjurer (D:14)
  31 yaktaurs
  A merfolk (shapeshifter) (Vaults:3)
  A queen bee (Shoals:1)
  27 merfolk
  8 polar bears
  7 wind drakes
  5 trolls
  3 tyrant leeches (Lair:5)
  9 hornets
  22 tarantellas
  16 blink frogs
  23 jumping spiders
  14 dream sheep
  8 snapping turtles
  3 spriggan zombies
  A dream sheep (shapeshifter) (Vaults:2)
  A glass eye (D:12)
  A frost giant simulacrum (Depths:1)
  36 slime creatures
  2 culicivoras (shapeshifter)
  27 culicivoras
  6 air elementals
  4 spriggans
  A spectral wind drake (Shoals:4)
  A vampire (D:12)
  2 centaur simulacra (D:14)
  15 water elementals
  3 wyverns
  2 shadows
  3 wraiths (D:15)
  2 wargs (Orc:1)
  44 yaks
  3 fire elementals
  2 steam dragons
  3 basilisks
  A neqoxec (Gauntlet)
  8 vampire mosquitoes
  48 redbacks
  2 acid dragons
  2 swamp worms (shapeshifter)
  A glowing shapeshifter zombie (Depths:1)
  16 water moccasins
  7 sky beasts
  2 glowing shapeshifter skeletons
  19 orc warriors
  2 black bears (D:5)
  2 ice beasts (D:9)
  30 wolves
  A crocodile (D:8)
  6 ogres
  5 boggarts (D:15)
  7 centaurs
  2 phantoms (D:6)
  3 kobold brigands
  Blork the orc (D:6)
  23 bullfrogs
  A gnoll sergeant (D:8)
  A small abomination (Gauntlet)
  2 earth elementals
  5 scorpions
  2 wights (D:10)
  3 killer bees
  2 electric eels
  4 howler monkeys
  A crimson imp (D:12)
  5 jellies
  2 bombardier beetles (D:5)
  2 gnoll boudas
  2 hounds
  20 orc priests
  3 iguanas (D:8)
  A hell rat (Lair:4)
  A sleepcap (D:3)
  23 orc wizards
  A killer bee zombie (D:8)
  10 gnolls
  5 adders
  2 shadow imps
  3 white imps (D:6)
  2 ufetubi (D:6)
  2 dart slugs (D:3)
  A ribbon worm (shapeshifter) (Lair:2)
  3 ribbon worms
  67 orcs
  12 ball pythons
  9 endoplasms
  9 giant cockroaches
  3 goblins
  7 hobgoblins
  6 jackals
  5 quokkas
  6 bats
  4 frilled lizards
  23 kobolds
  5 rats
  An aspiring flesh (Zot:1)
  5 tentacles (Shoals:4)
2065 creatures vanquished.

Vanquished Creatures (collateral kills)
  2 deep elf sorcerers
  An ironbound thunderhulk (Vaults:2)
  An ironbound preserver (Vaults:5)
  A stone giant (Depths:1)
  2 deep elf annihilators
  A dire elephant (Vaults:1)
  A white draconian (Zot:4)
  An eidolon (Vaults:2)
  2 two-headed ogres (D:8)
  An ironbound convoker (Vaults:2)
  A deep elf zephyrmancer (Vaults:5)
  A deep elf pyromancer (Elf:1)
  A vault sentinel (Vaults:2)
  A yaktaur (Vaults:2)
  2 jumping spiders (Spider:4)
  2 blink frogs (Lair:5)
  Sigmund (D:2)
  2 wights (D:10)
  An electric eel (Lair:5)
  A jelly (D:8)
  A gnoll bouda (D:7)
  A gnoll (D:7)
  2 orcs
  A goblin (D:4)
31 creatures vanquished.

Vanquished Creatures (others)
  A fire giant (Depths:4)
  A deep elf sorcerer (Elf:3)
  A draconian stormcaller (Zot:4)
  2 dancing weapons
  2 deep elf knights (Elf:1)
  2 deep trolls (Vaults:5)
  A sea snake (Shoals:4)
  A phantasmal warrior (Vaults:2)
  A manticore (Shoals:1)
  A rime drake (IceCv)
  A cane toad (Lair:5)
  A yaktaur zombie (Vaults:2)
  2 hornets (Spider:4)
  5 dream sheep (D:7)
  A cane toad zombie (Lair:5)
  An orc warrior (Orc:2)
  2 elf zombies
  An orc priest (Orc:2)
  An adder (D:6)
  2 orcs (Orc:2)
  A bat zombie (D:2)
  A ball python zombie (D:4)
  9 tentacles (Shoals:4)
41 creatures vanquished.

Grand Total: 2137 creatures vanquished

Notes
Turn   | Place    | Note
-------+----------+-------------------------------------------
     0 | D:1      | Anon1729 the Coglin Chaos Knight began the quest for the
                  | Orb.
     0 | D:1      | Reached XP level 1. HP: 18/18 MP: 1/1
    52 | D:1      | Reached skill level 1 in Dodging
    75 | D:1      | Reached XP level 2. HP: 22/24 MP: 2/2
    76 | D:1      | Reached skill level 2 in Armour
   333 | D:1      | XOM: divination: detect items
   352 | D:1      | XOM: 4-stop teleportation journey
   353 | D:1      | XOM: god gift: 44 gold pieces
   434 | D:1      | Reached XP level 3. HP: 25/29 MP: 3/3
   798 | D:2      | XOM: silly message
   836 | D:2      | XOM: silly message
   909 | D:2      | Noticed Sigmund
   921 | D:2      | Killed Sigmund
   922 | D:2      | Reached skill level 3 in Armour
   922 | D:2      | Reached XP level 4. HP: 15/37 MP: 4/4
   922 | D:2      | Reached XP level 5. HP: 17/42 MP: 5/5
  1627 | D:2      | XOM: smoke on damage
  1637 | D:2      | Reached XP level 6. HP: 44/48 MP: 6/6
  1710 | D:3      | XOM: divination: detect items
  2049 | D:3      | Found a broken altar of Ashenzari.
  2115 | D:3      | XOM: silly message
  2531 | D:3      | XOM: noise
  2637 | D:4      | XOM: divination: magic mapping
  2648 | D:4      | Found a snail-covered altar of Cheibriados.
  2753 | D:4      | Reached XP level 7. HP: 45/55 MP: 7/7
  3088 | D:4      | Found a hide-covered altar of Uskayaw.
  3099 | D:4      | XOM: silly message
  3158 | D:4      | XOM: divination: detect creatures
  3265 | D:5      | Entered Level 5 of the Dungeon
  3281 | D:5      | XOM: 3-stop teleportation journey
  3389 | D:5      | Reached skill level 5 in Long Blades
  3389 | D:5      | Reached skill level 4 in Armour
  3405 | D:5      | Reached skill level 5 in Fighting
  3473 | D:5      | Found a white marble altar of Elyvilon.
  3508 | D:5      | XOM: 3-stop teleportation journey
  3521 | D:5      | XOM: enchant monster (good)
  3828 | D:5      | XOM: enchant monster (bad)
  3838 | D:5      | Reached XP level 8. HP: 29/62 MP: 8/8
  3957 | D:4      | XOM: draining
  4593 | D:6      | Noticed Maggie
  4593 | D:6      | XOM: summons 6 friendly demons
  4596 | D:6      | XOM: 1-stop teleportation journey
  4651 | D:7      | XOM: stat loss: -1 Int (10/11)
  4981 | D:6      | Reached skill level 5 in Armour
  4988 | D:6      | XOM: scenery: summon butterflies
  5008 | D:6      | Noticed Blork the orc
  5015 | D:6      | XOM: fog
  5020 | D:6      | Killed Blork the orc
  5268 | D:6      | XOM: butterfly on damage
  5274 | D:6      | HP: 3/64 [poisoned by an adder]
  5289 | D:6      | Identified the staff of Shame {rN+ Int+4 Stlth+ Necro Tloc}
                  | (Xom gifted it to you on level 6 of the Dungeon)
  5289 | D:6      | XOM: god gift: staff of Shame {rN+ Int+4 Stlth+ Necro Tloc}
  5339 | D:5      | XOM: give mutations
  5339 | D:5      | Gained mutation: You are partially covered in iridescent
                  | scales. (AC +2) [Xom's grace]
  5339 | D:5      | Gained mutation: Your mind is acute. (Int +4, Str/Dex -1)
                  | [Xom's grace]
  5559 | D:6      | XOM: enchant monster (good)
  5621 | D:7      | XOM: potion effect (brilliance)
  5625 | D:6      | XOM: fog
  5627 | D:6      | Reached skill level 5 in Dodging
  5627 | D:6      | Reached XP level 9. HP: 64/69 MP: 9/9
  5985 | D:7      | Found a shimmering blue altar of Sif Muna.
  5985 | D:7      | XOM: 2-stop teleportation journey
  5998 | D:7      | Found Zez Niom's Weapon Shop.
  5998 | D:7      | Noticed a +0 triple sword
  6013 | D:7      | Found a shadowy altar of Dithmenos.
  6199 | D:7      | Found a staircase to the Ecumenical Temple.
  6225 | D:7      | XOM: cleaving
  6230 | D:7      | XOM: summons friendly shadow imp
  6292 | D:7      | Found a burning altar of Makhleb.
  6406 | D:7      | Found a shimmering altar of Xom.
  6461 | D:6      | XOM: 1-stop teleportation journey
  6466 | D:6      | XOM: god gift: 3 javelins
  6562 | D:6      | XOM: god gift: long sword {god gift}
  6607 | D:6      | XOM: enchant monster (good)
  6705 | D:6      | XOM: summons friendly shadow imp
  6713 | D:6      | XOM: butterfly on damage
  6716 | D:6      | Killed Maggie
  6717 | D:6      | Reached skill level 6 in Armour
  7103 | D:8      | XOM: scenery: create altars
  7244 | D:7      | XOM: scenery: create altars
  7405 | D:8      | Reached XP level 10. HP: 77/79 MP: 10/10
  7444 | D:8      | XOM: give mutations
  7444 | D:8      | Gained mutation: You are agile. (Dex +4, Str/Int -1) [Xom's
                  | grace]
  7444 | D:8      | Gained mutation: You are very agile. (Dex +8, Str/Int -2)
                  | [Xom's grace]
  7444 | D:8      | Gained mutation: Your mind is very acute. (Int +8, Str/Dex
                  | -2) [Xom's grace]
  7444 | D:8      | Gained mutation: You possess an exceptional clarity of
                  | mind. [Xom's grace]
  7486 | D:8      | Noticed a wolf spider
  7494 | D:8      | Killed a wolf spider
  7724 | D:7      | XOM: give mutations
  7724 | D:7      | Gained mutation: You have hidden genetic potential. [Xom's
                  | grace]
  7724 | D:7      | Gained mutation: You are resistant to electric shocks.
                  | (rElec) [Xom's grace]
  7724 | D:7      | Gained mutation: You have a somewhat thin skeletal
                  | structure. (Dex +2, Stealth+) [Xom's grace]
  7805 | D:8      | Noticed a centaur warrior
  7816 | D:8      | Killed a centaur warrior
  7817 | D:8      | Reached skill level 7 in Armour
  7817 | D:8      | Reached skill level 1 in Stealth
  7970 | D:8      | Found a blossoming altar of Fedhas.
  8174 | D:8      | Noticed a two-headed ogre
  8183 | D:8      | Killed a two-headed ogre
  8459 | D:8      | XOM: 1-stop teleportation journey
  8474 | D:8      | XOM: give mutations
  8474 | D:8      | Gained mutation: Your muscles are strong. (Str +4, Int/Dex
                  | -1) [Xom's grace]
  8474 | D:8      | Gained mutation: A frigid envelope surrounds you and
                  | freezes all who hurt you. [Xom's grace]
  8474 | D:8      | Lost mutation: You have hidden genetic potential. [Xom's
                  | grace]
  8474 | D:8      | Gained mutation: You are somewhat resistant to further
                  | mutation. [Xom's grace]
  8474 | D:8      | Gained mutation: You have a beak for a mouth. [Xom's grace]
  8605 | D:8      | Noticed a two-headed ogre
  8605 | D:8      | Noticed a two-headed ogre
  8610 | D:8      | XOM: summons 10 friendly demons
  8613 | D:8      | XOM: enchant monster (good)
  8614 | D:8      | Killed a two-headed ogre
  8615 | D:8      | Reached XP level 11. HP: 87/87 MP: 11/11
  8617 | D:8      | Killed a two-headed ogre
  8792 | D:8      | XOM: blink monster(s)
  9130 | D:9      | XOM: draining
  9178 | D:9      | XOM: give mutations
  9178 | D:9      | Gained mutation: You expend magic power (3 MP) to
                  | strengthen your wands. [Xom's mischief]
  9178 | D:9      | Lost mutation: Your muscles are strong. (Str +4, Int/Dex
                  | -1) [Xom's mischief]
  9178 | D:9      | Lost mutation: You are partially covered in iridescent
                  | scales. (AC +2) [Xom's mischief]
  9281 | D:9      | Found a radiant altar of Vehumet.
  9313 | D:9      | Reached skill level 8 in Armour
  9336 | D:9      | XOM: 2-stop teleportation journey
  9364 | D:9      | Found Xalitzoi's Antique Armour Shop.
  9432 | D:9      | Found a staircase to the Lair.
  9442 | D:9      | XOM: swap monsters
  9481 | D:9      | XOM: 2-stop teleportation journey
  9527 | D:9      | XOM: give mutation
  9527 | D:9      | Gained mutation: You have supernaturally acute eyesight.
                  | (SInv) [Xom's mischief]
  9555 | D:9      | XOM: give mutations
  9555 | D:9      | Lost mutation: Your mind is very acute. (Int +8, Str/Dex
                  | -2) [Xom's mischief]
  9555 | D:9      | Lost mutation: You have a somewhat thin skeletal structure.
                  | (Dex +2, Stealth+) [Xom's mischief]
  9720 | D:9      | XOM: give mutations
  9720 | D:9      | Lost mutation: You possess an exceptional clarity of mind.
                  | [Xom's mischief]
  9720 | D:9      | Lost mutation: You expend magic power (3 MP) to strengthen
                  | your wands. [Xom's mischief]
  9724 | D:9      | Paralysed by a hornet for 1 turns
  9728 | D:9      | XOM: summons 6 hostile demons
  9873 | D:10     | Entered Level 10 of the Dungeon
  9874 | D:10     | Noticed Urug
  9883 | D:10     | Killed Urug
  9936 | D:10     | Reached skill level 9 in Armour
 10063 | D:10     | Found Metraffo's Armour Shop.
 10067 | D:10     | Found a staircase to the Orcish Mines.
 10115 | D:10     | XOM: stat loss: -1 Int (12/13)
 10175 | D:10     | Noticed a two-headed ogre
 10181 | D:10     | Killed a two-headed ogre
 10299 | D:10     | XOM: cast spell 'Summon Mana Viper'
 10592 | D:10     | Found a bloodstained altar of Trog.
 10754 | D:10     | Reached XP level 12. HP: 96/96 MP: 12/12
 10761 | D:10     | Reached skill level 10 in Armour
 10819 | D:10     | Found a glowing golden altar of the Shining One.
 11190 | D:11     | XOM: smoke on damage
 11321 | D:11     | XOM: enchant monster (good)
 11548 | D:11     | Noticed a boulder beetle
 11563 | D:11     | Killed a boulder beetle
 11866 | D:12     | Reached skill level 5 in Stealth
 11901 | D:12     | XOM: enchant monster (good)
 11969 | D:12     | Found a transporter.
 11974 | D:12     | Reached skill level 10 in Long Blades
 11974 | D:12     | Reached skill level 11 in Armour
 11975 | D:12     | Found a transporter.
 12001 | D:12     | Found a runed translucent gate.
 12001 | D:12     | Found a runed translucent gate.
 12001 | D:12     | Found a runed translucent gate.
 12006 | D:12     | Noticed Wuipt's ghost (journeyman DjDe)
 12006 | D:12     | Noticed Qirphopp's ghost (journeyman OnAl)
 12006 | D:12     | Noticed Coehegh's ghost (novice DECj)
 12006 | D:12     | Noticed Nanwo's ghost (journeyman CoHu)
 12043 | D:12     | Reached skill level 10 in Fighting
 12183 | D:12     | Found a transporter.
 12215 | D:12     | Found a transporter.
 12220 | D:12     | Noticed a boulder beetle
 12222 | D:12     | XOM: enchant monster (bad)
 12225 | D:12     | XOM: polymorph troll -> glass eye
 12235 | D:12     | Killed a boulder beetle
 12436 | D:12     | Found a transporter.
 12441 | D:12     | Found a transporter.
 12647 | Lair:1   | Entered Level 1 of the Lair of Beasts
 12692 | Lair:1   | XOM: 4-stop teleportation journey
 12875 | Lair:1   | XOM: 1-stop teleportation journey
 12882 | Lair:1   | Reached skill level 12 in Armour
 13023 | Lair:1   | XOM: give mutations
 13023 | Lair:1   | Gained mutation: You are robust. (+10% HP) [Xom's mischief]
 13023 | Lair:1   | Gained mutation: You are somewhat resistant to both further
                  | mutation and mutation removal. [Xom's mischief]
 13023 | Lair:1   | Gained mutation: You possess an exceptional clarity of
                  | mind. [Xom's mischief]
 13107 | Lair:1   | XOM: destruction
 13459 | Lair:2   | Identified the ring of Oratt {rElec EV+5} (Xom gifted it to
                  | you on level 2 of the Lair of Beasts)
 13459 | Lair:2   | XOM: god gift: ring of Oratt {rElec EV+5}
 13460 | Lair:2   | XOM: 4-stop teleportation journey
 13466 | Lair:2   | XOM: destruction
 13474 | Lair:2   | Reached XP level 13. HP: 48/114 MP: 13/13
 13477 | Lair:2   | XOM: potion effect (might)
 13497 | Lair:2   | XOM: divination: magic mapping
 13881 | Lair:2   | Reached skill level 13 in Armour
 13903 | Lair:2   | XOM: fake destruction
 13911 | Lair:2   | XOM: swap monsters
 13919 | Lair:2   | Reached skill level 1 in Evocations
 13920 | Lair:2   | XOM: blink monster(s)
 14174 | Lair:2   | XOM: blink monster(s)
 14190 | Lair:2   | XOM: swap monsters
 14246 | Lair:2   | XOM: polymorph wolf -> shapeshifter
 14247 | Lair:2   | XOM: polymorph howler monkey -> shapeshifter
 14279 | Lair:2   | XOM: noise
 14727 | Lair:3   | Found a hole to the Spider Nest.
 14778 | Lair:3   | Found a staircase to the Shoals.
 14782 | Lair:3   | XOM: 1-stop teleportation journey
 14870 | Lair:3   | XOM: stat loss: -1 Dex (24/25)
 15119 | Lair:3   | XOM: 5-stop teleportation journey
 15237 | Lair:3   | XOM: scenery: summon butterflies
 15259 | Lair:3   | XOM: noise
 15580 | Lair:3   | Reached skill level 14 in Armour
 15767 | Lair:4   | XOM: give mutation
 15767 | Lair:4   | Lost mutation: Your mind is acute. (Int +4, Str/Dex -1)
                  | [Xom's mischief]
 15814 | Lair:4   | Found a transporter.
 15828 | Lair:4   | Noticed miroman's ghost (journeyman TrMo)
 16013 | Lair:4   | Identified the -2 barding of the Kodama {rElec Str+3} (Xom
                  | gifted it to you on level 4 of the Lair of Beasts)
 16013 | Lair:4   | XOM: god gift: -2 barding of the Kodama {rElec Str+3}
 16074 | Lair:4   | XOM: 3-stop teleportation journey
 16167 | Lair:4   | XOM: destruction
 16170 | Lair:4   | Reached XP level 14. HP: 115/124 MP: 14/14
 16515 | Lair:4   | Found a transporter.
 16543 | Lair:4   | XOM: confuse monster(s)
 16911 | Lair:4   | XOM: smoke on damage
 16914 | Lair:4   | Killed miroman's ghost
 16923 | Lair:4   | XOM: enchant monster (good)
 16945 | Lair:4   | Reached skill level 10 in Dodging
 17118 | Lair:5   | Entered Level 5 of the Lair of Beasts
 17123 | Lair:5   | Reached skill level 5 in Evocations
 17237 | Lair:5   | XOM: enchant monster (good)
 17239 | Lair:5   | XOM: confuse monster(s)
 17253 | Lair:5   | Reached skill level 15 in Armour
 17261 | Lair:5   | XOM: enchant monster (good)
 17267 | Lair:5   | XOM: confuse monster(s)
 17524 | Lair:5   | XOM: divination: detect creatures
 17561 | Lair:5   | XOM: enchant monster (good)
 17591 | Lair:5   | XOM: summons 8 hostile demons
 17732 | Lair:5   | Got the Information on the Spawned Wayfarer
 17797 | Lair:5   | XOM: silly message
 17853 | Lair:5   | XOM: 2-stop teleportation journey
 18156 | Lair:5   | XOM: summons 8 hostile demons
 18179 | Lair:5   | XOM: scenery: summon butterflies
 18423 | Lair:5   | XOM: enchant monster (good)
 18554 | Lair:5   | Found a viscous altar of Jiyva.
 18561 | Lair:5   | Found a staircase to the Slime Pits.
 18582 | Lair:5   | XOM: give mutations
 18582 | Lair:5   | Gained mutation: You are partially covered in iridescent
                  | scales. (AC +2) [Xom's grace]
 18582 | Lair:5   | Gained mutation: Your movements are slightly less
                  | encumbered by armour. (ER -2) [Xom's grace]
 18582 | Lair:5   | Gained mutation: Your mind is acute. (Int +4, Str/Dex -1)
                  | [Xom's grace]
 18582 | Lair:5   | Gained mutation: You passively map a small area around you.
                  | [Xom's grace]
 18895 | Orc:1    | Entered Level 1 of the Orcish Mines
 18993 | Orc:2    | Entered Level 2 of the Orcish Mines
 19076 | Orc:1    | XOM: divination: detect items
 19083 | Orc:1    | XOM: silly message
 19200 | Orc:1    | XOM: torment (64/125 hp)
 19360 | Orc:1    | XOM: divination: detect creatures
 19573 | Orc:2    | Found a runed translucent door.
 19575 | Orc:2    | Found a shimmering altar of Xom.
 19575 | Orc:2    | Noticed miroman's ghost (journeyman CoHu)
 19576 | Orc:2    | Identified the +7 scimitar of Dividends {chaos, rC+ Str+4
                  | Int+3}
 19919 | Orc:2    | XOM: divination: detect items
 19954 | Orc:2    | Killed miroman's ghost
 20253 | Orc:2    | Found a staircase to the Elven Halls.
 20259 | Orc:2    | XOM: potion effect (invisibility)
 20339 | Orc:2    | XOM: silly message
 20359 | Orc:2    | Reached XP level 15. HP: 92/132 MP: 15/15
 20364 | Orc:2    | XOM: silly message
 20380 | Orc:2    | XOM: potion effect (berserk rage)
 20459 | Orc:2    | XOM: silly message
 20621 | Orc:2    | Found Ostrism's General Store.
 20621 | Orc:2    | Found Erruci's Armour Boutique.
 20623 | Orc:2    | Found Rubbeg's Armour Emporium.
 20623 | Orc:2    | Found Soatetwi's Weapon Boutique.
 20629 | Orc:2    | Bought a scroll of teleportation for 33 gold pieces
 20629 | Orc:2    | Bought a scroll of identify for 22 gold pieces
 20632 | Orc:2    | Bought a +0 cloak of willpower for 184 gold pieces
 20635 | Orc:2    | Bought the +4 pair of gloves of the Everdark {Rampage} for
                  | 535 gold pieces
 20689 | Orc:2    | XOM: divination: detect items
 20824 | Orc:2    | Acquired a tertiary geotensor {rElec Slay+3 Clar RMsl}
 20880 | Elf:1    | Entered Level 1 of the Elven Halls
 20903 | Elf:1    | XOM: noise
 20981 | Elf:1    | XOM: noise
 20985 | Elf:1    | XOM: divination: magic mapping
 20988 | Elf:1    | Noticed a deep elf elementalist
 20998 | Elf:1    | XOM: silly message
 20999 | Elf:1    | Killed a deep elf elementalist
 21219 | Elf:1    | Reached skill level 16 in Armour
 21219 | Elf:1    | XOM: divination: detect creatures
 21221 | Elf:1    | XOM: polymorph deep elf archer -> blink frog
 21416 | Elf:1    | XOM: divination: magic mapping
 21445 | Elf:1    | XOM: confuse monster(s)
 21564 | Elf:1    | Noticed a deep elf sorcerer
 21567 | Elf:1    | Killed a deep elf sorcerer
 21581 | Elf:1    | XOM: cast spell 'Monstrous Menagerie'
 21582 | Elf:1    | XOM: polymorph lindwurm -> shapeshifter
 21673 | Elf:1    | Found the +4 robe of Folly {Brill Will-∞ Int+8}
 21681 | Elf:1    | Reached XP level 16. HP: 141/141 MP: 16/16
 21749 | Elf:1    | XOM: scenery: 1 doors close
 21804 | Elf:1    | XOM: enchant monster (good)
 21806 | Elf:1    | XOM: polymorph deep elf archer -> hornet
 21904 | Elf:1    | XOM: divination: detect items
 21994 | Elf:1    | XOM: stat loss: -1 Int (15/16)
 22028 | Elf:1    | Found Veninul's Weapon Boutique.
 22029 | Elf:1    | Found Oruisese's Book Emporium.
 22061 | Elf:1    | XOM: summons 1 hostile shadow creature
 22143 | Elf:1    | XOM: give mutations
 22143 | Elf:1    | Lost mutation: A frigid envelope surrounds you and freezes
                  | all who hurt you. [Xom's mischief]
 22143 | Elf:1    | Lost mutation: Your movements are slightly less encumbered
                  | by armour. (ER -2) [Xom's mischief]
 22143 | Elf:1    | Lost mutation: You have supernaturally acute eyesight.
                  | (SInv) [Xom's mischief]
 22143 | Elf:1    | Gained mutation: Potions are less effective at restoring
                  | your health. [Xom's mischief]
 22245 | Elf:2    | XOM: repel stairs
 22250 | Elf:2    | XOM: blink monster(s)
 22251 | Elf:2    | XOM: swap monsters
 22254 | Elf:2    | Paralysed by an air elemental for 1 turns
 22439 | Elf:2    | Found a runed translucent gate.
 22439 | Elf:2    | Found a runed translucent gate.
 22439 | Elf:2    | Found a runed translucent gate.
 22517 | Elf:2    | XOM: enchant monster (bad)
 22708 | Elf:3    | Entered Level 3 of the Elven Halls
 22899 | Elf:3    | Noticed a deep elf master archer
 22907 | Elf:3    | Killed a deep elf master archer
 22911 | Elf:3    | XOM: confuse monster(s)
 22913 | Elf:3    | Xom revived you
 23002 | Elf:2    | XOM: god gift: 4 stones
 23185 | Elf:2    | XOM: give mutations
 23185 | Elf:2    | Gained mutation: You are mostly covered in iridescent
                  | scales. (AC +4) [Xom's grace]
 23185 | Elf:2    | Gained mutation: You are completely covered in iridescent
                  | scales. (AC +6) [Xom's grace]
 23185 | Elf:2    | Gained mutation: Your movements are slightly less
                  | encumbered by armour. (ER -2) [Xom's grace]
 23185 | Elf:2    | Gained mutation: Your natural rate of healing is unusually
                  | fast. [Xom's grace]
 23243 | Elf:3    | XOM: fog
 23249 | Elf:3    | Reached skill level 10 in Evocations
 23361 | Elf:3    | Noticed a deep elf blademaster
 23361 | Elf:3    | Identified the ring "Nuawyxuf" {rF+ Str+5}
 23361 | Elf:3    | Identified the ring "Jelit" {^Drain Will+ rCorr Str+6
                  | Stlth+}
 23361 | Elf:3    | XOM: 6-stop teleportation journey
 23514 | Elf:3    | Reached skill level 17 in Armour
 23674 | Elf:3    | Noticed a deep elf master archer
 23735 | Elf:3    | XOM: summons friendly ufetubus
 23836 | Elf:3    | Identified the +1 leather armour "Caen" {rN+ Regen+}
 23872 | Elf:3    | Noticed a deep elf master archer
 23883 | Elf:3    | Killed a deep elf master archer
 23904 | Elf:3    | Identified the +7 dagger "Arcanum" {antimagic, Will+ Str+3
                  | Int-5}
 23925 | Elf:3    | XOM: cast spell 'Leda's Liquefaction'
 23932 | Elf:3    | Identified the +8 orcbow of Wyamaimn {speed, rC+ rN+ Dex+4
                  | SInv}
 23950 | Elf:3    | Identified the ring "Hotroawun" {Wiz rPois}
 23962 | Elf:3    | XOM: destruction
 23968 | Elf:3    | Reached XP level 17. HP: 126/150 MP: 17/17
 23969 | Elf:3    | Noticed a Hell Sentinel
 23972 | Elf:3    | XOM: summons friendly white imp
 23972 | Elf:3    | XOM: smoke on damage
 23979 | Elf:3    | Noticed a Brimstone Fiend
 23979 | Elf:3    | Noticed a deep elf blademaster
 23991 | Elf:3    | Killed a deep elf blademaster
 24150 | Elf:3    | Identified the +9 morningstar "Kixzaoqu" {freeze, rC+}
 24163 | Elf:3    | Reached skill level 10 in Stealth
 24166 | Elf:3    | Killed a deep elf master archer
 24166 | Elf:3    | XOM: butterfly on damage
 24198 | Elf:3    | Noticed a deep elf blademaster
 24209 | Elf:3    | Killed a deep elf blademaster
 24217 | Elf:3    | XOM: fog
 24288 | Elf:3    | XOM: silly message
 24319 | Elf:3    | XOM: cast spell 'Iskenderun's Battlesphere'
 24324 | Elf:3    | XOM: enchant monster (good)
 24325 | Elf:3    | XOM: 1-stop teleportation journey
 24459 | Elf:3    | XOM: noise
 24461 | Elf:3    | Noticed a deep elf master archer
 24470 | Elf:3    | Killed a deep elf master archer
 24548 | Elf:3    | Identified the staff "Cydenax" {^Fragile Fly rElec rF+
                  | Will++ Air}
 24558 | Elf:3    | Identified the +2 arbalest of Diucuih {penet, +Blink}
 24674 | Elf:3    | Killed a deep elf blademaster
 24685 | Elf:3    | XOM: god gift: 906 gold pieces
 24779 | Elf:3    | Identified a scroll of acquirement
 24780 | Elf:3    | Acquired 680 gold pieces
 24853 | Elf:2    | XOM: scenery: 1 doors close
 24877 | Elf:1    | Bought a manual of Armour for 1120 gold pieces
 24996 | D:10     | XOM: silly message
 25064 | Shoals:1 | Entered Level 1 of the Shoals
 25065 | Shoals:1 | Found a runed translucent door.
 25070 | Shoals:1 | Noticed Konar's ghost (adept CoHu)
 25091 | Shoals:1 | XOM: noise
 25104 | Shoals:1 | XOM: potion effect (might)
 25109 | Shoals:1 | Noticed Nikola
 25119 | Shoals:1 | XOM: cast spell 'Summon Small Mammal'
 25139 | Shoals:1 | XOM: silly message
 25141 | Shoals:1 | Killed Nikola
 25148 | Shoals:1 | XOM: potion effect (haste)
 25158 | Shoals:1 | Found Nokeavatt's Assorted Antiques.
 25162 | Shoals:1 | XOM: give mutations
 25162 | Shoals:1 | Lost mutation: You have a beak for a mouth. [Xom's grace]
 25162 | Shoals:1 | Gained mutation: You have very sharp teeth. [Xom's grace]
 25162 | Shoals:1 | Gained mutation: You have an increased reservoir of magic.
                  | (+10% MP) [Xom's grace]
 25162 | Shoals:1 | Gained mutation: You are covered in fur. (AC +1) [Xom's
                  | grace]
 25168 | Shoals:1 | Bought a potion of heal wounds for 145 gold pieces
 25168 | Shoals:1 | Bought 2 potions of curing for 174 gold pieces
 25168 | Shoals:1 | Bought a scroll of identify for 58 gold pieces
 25168 | Shoals:1 | Bought a potion of lignification for 87 gold pieces
 25382 | Shoals:1 | XOM: summons 10 friendly demons
 25390 | Shoals:1 | Reached skill level 18 in Armour
 25400 | Shoals:1 | Found a glacial archway.
 25414 | IceCv    | Entered an ice cave
 25437 | IceCv    | XOM: summons 5 friendly demons
 25451 | IceCv    | XOM: cast spell 'Dispersal'
 25470 | IceCv    | XOM: smoke on damage
 25479 | IceCv    | XOM: cloud trail
 25848 | IceCv    | XOM: confuse monster(s)
 25867 | IceCv    | XOM: polymorph ice dragon -> dire elephant
 25870 | IceCv    | XOM: confuse monster(s)
 25912 | IceCv    | Reached XP level 18. HP: 154/160 MP: 19/19
 25989 | IceCv    | XOM: confuse monster(s)
 25992 | IceCv    | XOM: god gift: potion of attraction
 25995 | IceCv    | XOM: cleaving
 26293 | Shoals:1 | XOM: god gift: 5 poisoned darts
 26392 | Shoals:1 | Noticed Kirke
 26393 | Shoals:1 | XOM: divination: detect creatures
 26400 | Shoals:1 | Killed Kirke
 26409 | Shoals:1 | XOM: silly message
 26473 | Shoals:1 | XOM: divination: detect creatures
 26502 | Shoals:1 | Killed Konar's ghost
 26540 | Shoals:1 | Got the Spellbook of Bloodstone
 26549 | Shoals:1 | Learned a level 3 spell: Passwall
 26551 | Shoals:1 | Learned a level 1 spell: Apportation
 26554 | Shoals:1 | Learned a level 2 spell: Blink
 26648 | Shoals:2 | XOM: potion effect (might)
 26764 | Shoals:2 | XOM: potion effect (brilliance)
 26830 | Shoals:2 | Noticed Donald
 26844 | Shoals:2 | Killed Donald
 27272 | Shoals:3 | XOM: noise
 27275 | Shoals:3 | Reached skill level 19 in Armour
 27277 | Shoals:3 | XOM: potion effect (invisibility)
 27343 | Shoals:3 | XOM: summons 5 hostile demons
 27351 | Shoals:3 | XOM: 1-stop teleportation journey
 27485 | Shoals:3 | Found Jinekhum's Book Shop.
 27485 | Shoals:3 | Noticed Ilsuiw
 27486 | Shoals:3 | XOM: 2-stop teleportation journey
 27489 | Shoals:3 | XOM: give mutation
 27489 | Shoals:3 | Lost mutation: You are covered in fur. (AC +1) [Xom's
                  | mischief]
 27603 | Shoals:3 | XOM: noise
 27621 | Shoals:3 | XOM: potion effect (heal wounds)
 27622 | Shoals:3 | XOM: smoke on damage
 27644 | Shoals:3 | XOM: destruction
 27661 | Shoals:3 | XOM: enchant monster (good)
 27662 | Shoals:3 | XOM: scenery: summon butterflies
 27664 | Shoals:3 | Killed Ilsuiw
 27932 | Shoals:3 | XOM: god gift: scarf of invisibility
 28011 | Shoals:3 | Acquired the +1 cloak of Starlight {*Dazzle EV+4 Stlth--}
 28011 | Shoals:3 | Found the +1 cloak of Starlight {*Dazzle EV+4 Stlth--}
 28050 | Shoals:4 | Entered Level 4 of the Shoals
 28067 | Shoals:4 | XOM: summons friendly shadow imp
 28100 | Shoals:4 | XOM: fog
 28222 | Shoals:4 | XOM: enchant monster (good)
 28245 | Shoals:4 | XOM: smoke on damage
 28251 | Shoals:4 | XOM: 1-stop teleportation journey
 28289 | Shoals:4 | XOM: polymorph snapping turtle -> fire crab
 28306 | Shoals:4 | XOM: give mutations
 28306 | Shoals:4 | Lost mutation: Your movements are slightly less encumbered
                  | by armour. (ER -2) [Xom's mischief]
 28306 | Shoals:4 | Lost mutation: You passively map a small area around you.
                  | [Xom's mischief]
 28306 | Shoals:4 | Lost mutation: You are somewhat resistant to both further
                  | mutation and mutation removal. [Xom's mischief]
 28306 | Shoals:4 | Lost mutation: You are robust. (+10% HP) [Xom's mischief]
 28329 | Shoals:4 | XOM: summons 16 friendly demons
 28358 | Shoals:4 | XOM: god gift: flux talisman
 28376 | Shoals:4 | XOM: polymorph merfolk -> cane toad
 28456 | Shoals:4 | Got a barnacled rune of Zot
 28612 | Shoals:4 | Reached XP level 19. HP: 82/146 MP: 20/20
 28741 | Shoals:4 | XOM: scenery: 1 doors close
 28748 | Shoals:4 | XOM: cleaving
 28810 | Shoals:4 | XOM: 2-stop teleportation journey
 28851 | Shoals:4 | XOM: god gift: potion of curing
 28893 | Shoals:4 | Reached skill level 20 in Armour
 28906 | Shoals:4 | XOM: give mutations
 28906 | Shoals:4 | Gained mutation: You are strong-willed. (Will+) [Xom's
                  | grace]
 28906 | Shoals:4 | Gained mutation: Your flesh is cold resistant. (rC+) [Xom's
                  | grace]
 28906 | Shoals:4 | Gained mutation: Your skin changes colour to match your
                  | surroundings (Stealth+). [Xom's grace]
 28906 | Shoals:4 | Gained mutation: You expend magic power (3 MP) to
                  | strengthen your wands. [Xom's grace]
 28913 | Shoals:4 | Identified the staff "Rise" {^Drain Fly rC+ Str+7 Earth}
 29006 | Shoals:4 | XOM: fog
 29327 | D:13     | Reached skill level 15 in Long Blades
 29337 | D:13     | Found a gate leading to a gauntlet.
 29346 | Gauntlet | Entered a Gauntlet
 29346 | Gauntlet | Found a transporter.
 29347 | Gauntlet | Found a large runed translucent door.
 29348 | Gauntlet | Found a large runed translucent door.
 29349 | Gauntlet | Found a large runed translucent door.
 29349 | Gauntlet | Found a large runed translucent door.
 29349 | Gauntlet | Found a runed translucent door.
 29350 | Gauntlet | Found a large runed translucent door.
 29351 | Gauntlet | Found a large runed translucent door.
 29352 | Gauntlet | Found a large runed translucent door.
 29352 | Gauntlet | Found a large runed translucent door.
 29353 | Gauntlet | Found a runed translucent gate.
 29353 | Gauntlet | Found a runed translucent gate.
 29355 | Gauntlet | Found a transporter.
 29363 | Gauntlet | Found a runed translucent gate.
 29363 | Gauntlet | Found a runed translucent door.
 29364 | Gauntlet | Found a large runed translucent door.
 29364 | Gauntlet | Found a large runed translucent door.
 29365 | Gauntlet | Found a large runed translucent door.
 29366 | Gauntlet | Found a large runed translucent door.
 29370 | Gauntlet | Found a transporter.
 29375 | Gauntlet | Found a transporter.
 29390 | Gauntlet | Found a transporter.
 29409 | Gauntlet | Found a transporter.
 29419 | Gauntlet | Found the ring of the Tortoise {AC+8}
 29421 | Gauntlet | Found a transporter.
 29433 | Gauntlet | Found a transporter.
 29445 | Gauntlet | Found a transporter.
 29457 | Gauntlet | Found a transporter.
 29466 | Gauntlet | XOM: scenery: create altars
 29475 | Gauntlet | Found a transporter.
 29495 | Gauntlet | Found a transporter.
 29497 | Gauntlet | Found a transporter.
 29539 | Gauntlet | Found a large runed translucent door.
 29539 | Gauntlet | Found a large runed translucent door.
 29540 | Gauntlet | Found a large runed translucent door.
 29541 | Gauntlet | Found a large runed translucent door.
 29541 | Gauntlet | Found a transporter.
 29543 | Gauntlet | Found a transporter.
 29545 | Gauntlet | Found a transporter.
 29573 | Gauntlet | Found a transporter.
 29575 | Gauntlet | Found a transporter.
 29612 | Gauntlet | XOM: god gift: javelin
 29645 | Gauntlet | Reached skill level 15 in Fighting
 29652 | Gauntlet | XOM: scenery: summon butterflies
 29726 | Gauntlet | XOM: summons friendly quasit
 29744 | Gauntlet | Identified the +0 pair of gloves "Neikket" {rPois rN+}
 29765 | Gauntlet | Identified the +3 glaive "Roocur" {flame, Fly rN+ Str+2
                  | Dex+2}
 29765 | Gauntlet | Identified the amulet "Qiumumpi" {rElec RegenMP+ Int+3
                  | Dex+8 Slay-3}
 30081 | D:13     | XOM: give mutations
 30081 | D:13     | Lost mutation: You are somewhat resistant to further
                  | mutation. [Xom's grace]
 30081 | D:13     | Gained mutation: You have hidden genetic potential. [Xom's
                  | grace]
 30081 | D:13     | Gained mutation: You passively map a small area around you.
                  | [Xom's grace]
 30242 | D:13     | XOM: cloud trail
 30261 | D:13     | XOM: god gift: 2 silver javelins
 30440 | D:13     | XOM: give mutation
 30440 | D:13     | Gained mutation: Your system is resistant to poisons.
                  | (rPois) [Xom's grace]
 30557 | D:14     | Found a gate to the Vaults.
 30563 | D:14     | XOM: cleaving
 30641 | D:14     | XOM: divination: magic mapping
 30648 | D:14     | XOM: fog
 30727 | D:14     | XOM: silly message
 30745 | D:14     | XOM: silly message
 30795 | D:14     | XOM: silly message
 30875 | D:14     | XOM: divination: detect creatures
 30989 | D:14     | Identified the +3 plate armour of Behiwex {rElec rN++
                  | Dex+6}
 31420 | D:15     | Entered Level 15 of the Dungeon
 31453 | D:15     | Noticed Josephine
 31456 | D:15     | Noticed Jorgrun
 31457 | D:15     | Killed Josephine
 31466 | D:15     | Killed Jorgrun
 31665 | D:15     | XOM: silly message
 31754 | D:15     | XOM: silly message
 31905 | D:15     | XOM: potion effect (invisibility)
 31982 | D:15     | Found a staircase to the Depths.
 32098 | D:15     | Reached skill level 21 in Armour
 32129 | D:15     | Found a glowing silver altar of Zin.
 32304 | D:13     | XOM: silly message
 32334 | D:12     | Killed Wuipt's ghost
 32338 | D:12     | Killed Nanwo's ghost
 32344 | D:12     | Killed Qirphopp's ghost
 32346 | D:12     | Killed Coehegh's ghost
 32609 | Spider:1 | XOM: noise
 32609 | Spider:1 | Entered Level 1 of the Spider Nest
 32636 | Spider:1 | Reached XP level 20. HP: 127/163 MP: 22/22
 32644 | Spider:1 | XOM: polymorph orb spider -> hornet
 32800 | Spider:1 | XOM: silly message
 33029 | Spider:1 | XOM: silly message
 33430 | Spider:2 | XOM: summons 4 hostile shadow creatures
 33703 | Spider:2 | XOM: give mutations
 33703 | Spider:2 | Lost mutation: You are completely covered in iridescent
                  | scales. (AC +6) [Xom's mischief]
 33703 | Spider:2 | Lost mutation: You are mostly covered in iridescent scales.
                  | (AC +4) [Xom's mischief]
 33703 | Spider:2 | Lost mutation: Your natural rate of healing is unusually
                  | fast. [Xom's mischief]
 34058 | Spider:2 | XOM: noise
 34290 | Spider:3 | XOM: enchant monster (good)
 34294 | Spider:3 | XOM: enchant monster (bad)
 34589 | Spider:3 | XOM: polymorph steelbarb worm -> glowing shapeshifter
 34840 | Spider:3 | XOM: cleaving
 34890 | Spider:3 | XOM: god gift: 26 gold pieces
 35096 | Spider:3 | XOM: fog
 35876 | Spider:4 | Entered Level 4 of the Spider Nest
 35886 | Spider:4 | XOM: scenery: summon butterflies
 35887 | Spider:4 | XOM: enchant monster (good)
 35902 | Spider:4 | Reached skill level 15 in Evocations
 35906 | Spider:4 | XOM: scenery: create altars
 36131 | Spider:4 | XOM: give mutations
 36131 | Spider:4 | Gained mutation: You passively dampen the noise of your
                  | surroundings. [Xom's grace]
 36131 | Spider:4 | Gained mutation: Your skin blends seamlessly with your
                  | surroundings (Stealth++). [Xom's grace]
 36131 | Spider:4 | Gained mutation: You are mostly covered in iridescent
                  | scales. (AC +4) [Xom's grace]
 36131 | Spider:4 | Gained mutation: You are completely covered in iridescent
                  | scales. (AC +6) [Xom's grace]
 36147 | Spider:4 | XOM: potion effect (brilliance)
 36153 | Spider:4 | Noticed Arachne
 36159 | Spider:4 | XOM: 8-stop teleportation journey
 36177 | Spider:4 | XOM: summons 6 friendly demons
 36198 | Spider:4 | Killed Arachne
 36207 | Spider:4 | XOM: give mutation
 36207 | Spider:4 | Lost mutation: You are resistant to electric shocks.
                  | (rElec) [Xom's mischief]
 36448 | Spider:4 | XOM: polymorph wolf spider -> fire crab
 36663 | Spider:4 | XOM: summons friendly shadow imp
 36673 | Spider:4 | XOM: cloud trail
 36986 | Spider:4 | XOM: fog
 37147 | Spider:4 | XOM: destruction
 37148 | Spider:4 | XOM: summons 7 friendly demons
 37288 | Spider:4 | Identified the +2 pair of boots of Inquiry {rElec Regen+
                  | Str+4}
 37340 | Spider:4 | Got a gossamer rune of Zot
 37667 | Vaults:1 | Entered Level 1 of the Vaults
 37726 | Vaults:1 | Reached XP level 21. HP: 171/171 MP: 23/23
 37783 | Vaults:1 | XOM: confuse monster(s)
 38191 | Vaults:1 | XOM: god gift: wand of digging (9)
 38292 | Vaults:1 | XOM: 2-stop teleportation journey
 38397 | Vaults:1 | XOM: god gift: 16 gold pieces
 38473 | Vaults:1 | XOM: scenery: 1 doors open, 1 doors close
 38492 | Vaults:1 | XOM: polymorph ironbound preserver -> skyshark
 38496 | Vaults:1 | XOM: fog
 38523 | Vaults:1 | Gained mutation: You have extremely sharp teeth. [hidden
                  | potential]
 38750 | Vaults:2 | XOM: god gift: 2 potions of curing
 38832 | Vaults:2 | XOM: fog
 38858 | Vaults:2 | Found a staircase to the Crypt.
 38861 | Vaults:2 | XOM: summons 2 friendly demons
 38930 | Vaults:2 | Reached skill level 22 in Armour
 39093 | Vaults:2 | Found a runed translucent gate.
 39093 | Vaults:2 | Found a runed translucent gate.
 39094 | Vaults:2 | Found a runed translucent gate.
 39095 | Vaults:2 | Noticed Qotsoore's ghost (adept DsFi)
 39202 | Vaults:2 | XOM: divination: detect creatures
 39416 | Vaults:2 | XOM: give mutation
 39416 | Vaults:2 | Lost mutation: You are strong-willed. (Will+) [Xom's
                  | mischief]
 39529 | Vaults:2 | Noticed Saint Roka
 39535 | Vaults:2 | XOM: divination: magic mapping
 39542 | Vaults:2 | Killed Saint Roka
 39935 | Vaults:2 | XOM: divine lightning
 39942 | Vaults:2 | XOM: enchant monster (good)
 39943 | Vaults:2 | XOM: confuse monster(s)
 39956 | Vaults:2 | Killed Qotsoore's ghost
 39999 | Vaults:2 | Identified the ring "Icluq" {Int+2 SInv Stlth+}
 40032 | Vaults:3 | XOM: stealth player
 40241 | Vaults:3 | XOM: fog
 40246 | Vaults:3 | XOM: enchant monster (good)
 40286 | Vaults:3 | XOM: god gift: ring of resist corrosion
 40289 | Vaults:3 | Reached XP level 22. HP: 180/180 MP: 24/24
 40356 | Vaults:3 | XOM: give mutations
 40356 | Vaults:3 | Gained mutation: Your muscles are strong. (Str +4, Int/Dex
                  | -1) [Xom's grace]
 40356 | Vaults:3 | Gained mutation: You have a pair of small horns on your
                  | head. [Xom's grace]
 40356 | Vaults:3 | Lost mutation: You have hidden genetic potential. [Xom's
                  | grace]
 40356 | Vaults:3 | Gained mutation: You are somewhat resistant to further
                  | mutation. [Xom's grace]
 40356 | Vaults:3 | Gained mutation: You have a pair of horns on your head.
                  | [Xom's grace]
 40446 | Vaults:3 | XOM: confuse monster(s)
 40507 | Vaults:3 | XOM: summons 4 friendly demons
 40598 | Vaults:3 | XOM: silly message
 40986 | Vaults:3 | Reached skill level 15 in Dodging
 41194 | Vaults:4 | XOM: potion effect (might)
 41288 | Vaults:4 | XOM: divination: detect creatures
 41289 | Vaults:4 | XOM: enchant monster (good)
 41317 | Vaults:4 | XOM: divination: detect creatures
 41519 | Vaults:4 | XOM: divination: magic mapping
 41536 | Vaults:4 | XOM: potion effect (haste)
 41596 | Vaults:4 | XOM: cloud trail
 41759 | Vaults:4 | XOM: noise
 41770 | Vaults:4 | XOM: potion effect (attraction)
 41772 | Vaults:4 | XOM: fake destruction
 41905 | Vaults:4 | XOM: fog
 41926 | Vaults:4 | Identified the +7 war axe of Crusades {freeze, Will+ Str+3}
 42040 | Vaults:4 | XOM: cloud trail
 42222 | Vaults:5 | Entered Level 5 of the Vaults
 42222 | Vaults:5 | XOM: snakes to sticks
 42402 | Vaults:5 | XOM: potion effect (experience)
 42402 | Vaults:5 | Reached XP level 23. HP: 188/188 MP: 25/25
 42412 | Vaults:5 | XOM: confuse monster(s)
 42416 | Vaults:5 | XOM: polymorph vault guard -> steelbarb worm
 42418 | Vaults:5 | Reached skill level 23 in Armour
 42438 | Vaults:5 | Reached XP level 24. HP: 170/195 MP: 25/25
 42507 | Vaults:5 | Identified the +1 leather armour of Spring Thaw {Harm +Inv
                  | rC- Dex+4}
 42521 | Vaults:5 | Found the necklace of Bloodlust {Fury *Rage Will++ Int-3
                  | Slay+6}
 42557 | Vaults:5 | XOM: enchant monster (good)
 42592 | Vaults:5 | XOM: chaos upgrade
 42699 | Vaults:5 | XOM: swap monsters
 42815 | Vaults:5 | Noticed an ancient lich
 42843 | Vaults:5 | Killed an ancient lich
 42959 | Vaults:5 | Found the +7 Spriggan's Knife {stab, EV+4 Stlth+}
 42983 | Vaults:5 | Identified the +0 scale mail "Cuomos Jiyga" {rPois Int+5}
 42985 | Vaults:5 | Got the Writings on Phantasmal Clay
 42989 | Vaults:5 | Identified the +1 scale mail "Naoppiu" {SInv}
 42991 | Vaults:5 | Got Awuesivu's Vellum of Volatile Conjuring
 43066 | Vaults:5 | XOM: god gift: long sword {god gift}
 43089 | Vaults:5 | XOM: fog
 43106 | Vaults:5 | Identified the +12 rapier "Spiderslayer" {drain, rF+
                  | Stlth+}
 43221 | Vaults:5 | XOM: god gift: scroll of immolation
 43230 | Vaults:5 | XOM: cleaving
 43236 | Vaults:5 | XOM: smoke on damage
 43365 | Vaults:5 | Got a silver rune of Zot
 43475 | Vaults:5 | Identified the +5 spear "ETAOIN SHRDLU" {protect, rC- Will+
                  | Str+4 Int+3}
 43520 | Vaults:5 | Identified the +6 hand axe "Ovoveorr" {elec, Will+}
 43568 | Abyss:3  | Cast into level 3 of the Abyss (tengu reaver)
 43568 | Vaults:5 | Escaped the Abyss
 43568 | Vaults:5 | XOM: revert banishment
 43570 | Vaults:5 | XOM: fog
 43576 | Vaults:5 | XOM: summons 2 hostile shadow creatures
 43589 | Vaults:5 | Noticed an ancient lich
 43597 | Vaults:5 | Killed an ancient lich
 43600 | Vaults:5 | XOM: polymorph frost giant -> spark wasp
 43607 | Vaults:5 | XOM: confuse monster(s)
 43614 | Vaults:5 | XOM: cast spell 'Animate Armour'
 43641 | Vaults:5 | XOM: noise
 43738 | Vaults:5 | Got Sif Muna's Guidebook on Fiery Remains
 43822 | Vaults:5 | XOM: destruction
 44289 | Depths:1 | Entered Level 1 of the Depths
 44487 | Depths:1 | Reached XP level 25. HP: 204/204 MP: 25/25
 44696 | Depths:1 | Found a gateway to Hell.
 45239 | Depths:2 | Found a one-way gate leading to the halls of Pandemonium.
 45385 | Depths:2 | XOM: summons 2 hostile shadow creatures
 45535 | Depths:2 | XOM: divination: detect creatures
 45857 | Depths:2 | XOM: silly message
 45915 | Depths:2 | Found a one-way gate to the infinite horrors of the Abyss.
 46039 | Depths:3 | Found Faes's Book Boutique.
 46094 | Depths:3 | Noticed the Enchantress
 46103 | Depths:3 | Killed the Enchantress
 46113 | Depths:3 | XOM: scenery: create altars
 46223 | Depths:3 | XOM: potion effect (might)
 46224 | Depths:3 | Reached skill level 24 in Armour
 46381 | Depths:3 | Identified the ring "Eppuyps" {Fire Fly Will- Int+2}
 46389 | Depths:3 | Reached skill level 15 in Stealth
 46503 | Depths:3 | XOM: god gift: bloodstained longbow {god gift}
 46503 | Depths:3 | Identified the +1 longbow of Uncomfortable Rashes {chaos,
                  | rF+ rC+ Str+3 Dex+3} (Xom gifted it to you on level 3 of
                  | the Depths)
 46608 | Depths:3 | XOM: summons friendly ufetubus
 46661 | Depths:3 | XOM: noise
 46674 | Depths:3 | XOM: silly message
 46706 | Depths:3 | XOM: silly message
 46798 | Depths:3 | XOM: noise
 46865 | Depths:3 | XOM: silly message
 46995 | Depths:3 | XOM: silly message
 47058 | Depths:3 | XOM: divination: magic mapping
 47097 | Depths:3 | XOM: silly message
 47250 | Depths:4 | Entered Level 4 of the Depths
 47262 | Depths:4 | Found a runed translucent gate.
 47262 | Depths:4 | Found a runed translucent gate.
 47262 | Depths:4 | Found a runed translucent gate.
 47262 | Depths:4 | XOM: potion effect (haste)
 47264 | Depths:4 | Noticed Kuligiro's ghost (veteran DsWn)
 47305 | Depths:4 | Found a one-way gateway to a ziggurat.
 47357 | Depths:4 | Noticed Parghit
 47506 | Depths:4 | Found a gate to the Realm of Zot.
 47545 | Depths:4 | XOM: cleaving
 47601 | Depths:4 | XOM: summons 13 hostile demons
 47645 | Depths:4 | XOM: 1-stop teleportation journey
 47675 | Depths:4 | Noticed a juggernaut
 47679 | Depths:4 | XOM: enchant monster (good)
 47687 | Depths:4 | Killed a juggernaut
 47749 | Depths:4 | XOM: cloud trail
 47874 | Depths:4 | Killed Parghit
 48193 | Depths:4 | Found the +9 sword of Zonguldrok {reap}
 48204 | Depths:4 | XOM: noise
 48207 | Depths:4 | XOM: potion effect (curing)
 48213 | Depths:4 | XOM: cast spell 'Fugue of the Fallen'
 48397 | Depths:4 | Found an ornate altar of the Wu Jian Council.
 48733 | Depths:4 | Found a viscous altar of Jiyva.
 48771 | Zot:1    | Entered Level 1 of the Realm of Zot
 48817 | Zot:1    | XOM: enchant monster (good)
 48956 | Zot:1    | Reached XP level 26. HP: 152/213 MP: 25/25
 49038 | Zot:1    | XOM: divination: magic mapping
 49082 | Zot:1    | XOM: divination: detect creatures
 49083 | Zot:1    | XOM: confuse monster(s)
 49094 | Zot:1    | XOM: potion effect (heal wounds)
 49103 | Zot:1    | Found a transporter.
 49175 | Zot:1    | Found a transporter.
 49577 | Zot:1    | XOM: god gift: scroll of acquirement
 49595 | Zot:1    | Acquired 865 gold pieces
 49608 | Zot:1    | XOM: summons friendly crimson imp
 50209 | Zot:2    | XOM: destruction
 50395 | Zot:2    | XOM: cleaving
 50406 | Zot:2    | XOM: fake destruction
 50421 | Zot:2    | XOM: enchant monster (bad)
 50423 | Zot:2    | XOM: destruction
 50424 | Zot:2    | XOM: summons friendly iron imp
 50647 | Zot:3    | Found a radiant altar of Vehumet.
 50689 | Zot:3    | XOM: cleaving
 50697 | Zot:3    | XOM: scenery: create altars
 50724 | Zot:3    | XOM: give mutations
 50724 | Zot:3    | Gained mutation: Your flesh is very cold resistant. (rC++)
                  | [Xom's grace]
 50724 | Zot:3    | Gained mutation: Your muscles are very strong. (Str +8,
                  | Int/Dex -2) [Xom's grace]
 50724 | Zot:3    | Gained mutation: You are robust. (+10% HP) [Xom's grace]
 50724 | Zot:3    | Gained mutation: Your skin perfectly mimics your
                  | surroundings (Stealth+++). [Xom's grace]
 51046 | Zot:3    | Found the +15 Maxwell's patent armour {-Cast -Tele rElec
                  | Will+ rCorr}
 51275 | Zot:3    | XOM: divination: magic mapping
 51427 | Zot:3    | XOM: scenery: 1 doors open, 2 doors close
 51492 | Zot:3    | XOM: cloud trail
 51549 | Zot:4    | XOM: confuse monster(s)
 51550 | Zot:4    | XOM: scenery: 1 doors close
 51560 | Zot:4    | Reached skill level 25 in Armour
 51574 | Zot:4    | XOM: cloud trail
 51645 | Zot:4    | Noticed a Killer Klown
 51666 | Zot:4    | Killed a Killer Klown
 51676 | Zot:4    | Noticed a Killer Klown
 51688 | Zot:4    | XOM: scenery: 1 doors close
 51704 | Zot:4    | Killed a Killer Klown
 52093 | Zot:4    | XOM: enchant monster (bad)
 52099 | Zot:4    | XOM: torment (105/236 hp)
 52101 | Zot:4    | Reached XP level 27. HP: 109/244 MP: 25/25
 52368 | Zot:4    | XOM: summons 6 hostile demons
 52368 | Zot:4    | Noticed an orb of fire
 52431 | Zot:5    | Entered Level 5 of the Realm of Zot
 52460 | Zot:5    | XOM: confuse monster(s)
 52807 | Zot:4    | XOM: give mutations
 52807 | Zot:4    | Lost mutation: You passively map a small area around you.
                  | [Xom's mischief]
 52807 | Zot:4    | Lost mutation: Your skin perfectly mimics your surroundings
                  | (Stealth+++). [Xom's mischief]
 52807 | Zot:4    | Lost mutation: Your system is resistant to poisons. (rPois)
                  | [Xom's mischief]
 52816 | Zot:5    | XOM: noise
 53063 | Zot:5    | XOM: cast spell 'Monstrous Menagerie'
 53067 | Zot:5    | XOM: polymorph manticore -> queen bee
 53113 | Zot:5    | Noticed a dread lich
 53139 | Zot:5    | Killed a dread lich
 53166 | Zot:5    | XOM: blink monster(s)
 53216 | Zot:5    | Noticed an orb of fire
 53221 | Zot:5    | Noticed an orb of fire
 53221 | Zot:5    | Noticed an orb of fire
 53223 | Zot:5    | XOM: swap monsters
 53224 | Zot:5    | Noticed an orb of fire
 53247 | Zot:5    | Noticed an orb of fire
 53248 | Zot:5    | XOM: summons friendly crimson imp
 53427 | Zot:5    | XOM: enchant monster (bad)
 53431 | Zot:5    | Killed an orb of fire
 53436 | Zot:5    | Killed an orb of fire
 53442 | Zot:5    | Noticed a dread lich
 53446 | Zot:5    | XOM: summons 2 friendly demons
 53447 | Zot:5    | XOM: swap monsters
 53459 | Zot:5    | Killed an orb of fire
 53462 | Zot:5    | XOM: enchant monster (good)
 53463 | Zot:5    | XOM: enchant monster (bad)
 53464 | Zot:5    | Killed a dread lich
 53481 | Zot:5    | Killed an orb of fire
 53651 | Zot:5    | XOM: noise
 53672 | Zot:5    | XOM: polymorph Orb Guardian -> radroach
 53927 | Zot:5    | Noticed an orb of fire
 53927 | Zot:5    | Noticed an orb of fire
 53930 | Zot:5    | Gained mutation: You occasionally lose the ability to drink
                  | potions when taking damage. [an orb of fire]
 53931 | Zot:5    | XOM: enchant monster (good)
 53937 | Zot:5    | Killed an orb of fire
 53940 | Zot:5    | Killed an orb of fire
 53941 | Zot:5    | Noticed an orb of fire
 53941 | Zot:5    | Noticed an orb of fire
 53951 | Zot:5    | Lost mutation: You possess an exceptional clarity of mind.
                  | [an orb of fire]
 53957 | Zot:5    | Killed an orb of fire
 53965 | Zot:5    | Lost mutation: You are robust. (+10% HP) [an orb of fire]
 53966 | Zot:5    | XOM: divination: magic mapping
 53968 | Zot:5    | Killed an orb of fire
 53972 | Zot:5    | Noticed an ancient lich
 53986 | Zot:5    | XOM: confuse monster(s)
 53988 | Zot:5    | Killed an ancient lich
 54001 | Zot:5    | Killed an orb of fire
 54002 | Zot:5    | Reached skill level 26 in Armour
 54007 | Zot:5    | XOM: 1-stop teleportation journey
 54142 | Zot:5    | Noticed a dread lich
 54157 | Zot:5    | Killed a dread lich
 54176 | Zot:5    | XOM: draining
 54215 | Zot:5    | Got the Orb of Zot
 54698 | D:4      | Noticed Xoew Agu the pandemonium lord
 54702 | D:4      | XOM: noise
 54711 | D:4      | Killed Xoew Agu the pandemonium lord
 54818 | D:$      | Escaped with the Orb!

Illustrated notes

Levels and vault maps discovered:
D:1:      spicycebolla_green_bress_n_ham_2, layout_loops_ring, serial_forest,
          infiniplex_forest_join, infiniplex_forest_straight_3,
          infiniplex_forest_clump_long, infiniplex_forest_straight_1,
          infiniplex_forest_straight_5, infiniplex_forest_join,
          chequers_serial_rivers_room_b
D:2:      minmay_evil_eye, layout_basic, grunt_ministairs_5, minmay_octomino_e4,
          uniq_sigmund
D:3:      minmay_spotlight, layout_rooms, nicolae_ashenzari_panopticon,
          palyth_stone_intersect
D:4:      layout_basic, nicolae_uskayaw_murder_on_the_dancefloor,
          cheibrodos_worm_habitat, nicolae_elevator_lobby_asterisk
D:5:      layout_loops_cross, mainiacjoe_overflow_24_doors,
          minmay_misc_feat_cross
D:6:      layout_loops_corners, grunt_ministairs_12, uniq_maggie,
          uniq_blork_the_orc
D:7:      layout_cave_pools, mainiacjoe_overflow_concentric_impassable,
          mainiacjoe_overflow_brackets, kb_xom_exploding_sheep,
          nicolae_overflow_hidden_temple, minmay_temple_entry_fiery,
          serial_shops, nicolae_shop_mannequins, st_stairs_11
D:8:      regret_index_malice_mire, layout_layer_cave,
          mainiacjoe_overflow_paths, minmay_three_doors
D:9:      layout_cave_pools, fiery_altar_vehumet, hellmonk_lair_entry_icy,
          serial_shops, shop
D:10:     layout_loops_ring, mainiacjoe_overflow_alcove_2, tso_altar,
          orc_david_3, minivault_25, uniq_urug
D:11:     layout_loops_ring, hangedman_glass_teeth
D:12:     layout_rooms, gammafunk_ghost_cemetery, hangedman_stone_soup,
          chequers_serial_rivers_room_a, serial_nicolae_subway,
          nicolae_sub_station_crystal, nicolae_sub_station_metal,
          nicolae_sub_station_stone
D:13:     layout_basic, gauntlet_entry_generic
D:14:     minmay_the_grid_octo_tiled_squarecenter
          [minmay_the_grid_octo_tetromino_candy, minmay_the_grid_octo_clover_2,
          minmay_the_grid_octo_empty, minmay_the_grid_octo_77,
          minmay_the_grid_square_5x5_megaprize_crossed,
          minmay_the_grid_square_5x5_checkered_statues,
          minmay_the_grid_square_5x5_forky,
          minmay_the_grid_square_5x5_two_small,
          minmay_the_grid_square_5x5_moneybag], layout_irregular_city,
          hellmonk_vaults_order_and_chaos
D:15:     hangedman_depths_entry_try_elsewhere_first, layout_basic,
          serial_library_hellmonk_long_bookcase, zin_angel, uniq_josephine,
          uniq_jorgrun
Lair:1:   layout_roguey
Lair:2:   layout_loops_ring
Lair:3:   layout_chaotic_city, minmay_shoals_entry_beasts,
          nicolae_spider_entry_orb_guardian
Lair:4:   layout_cave_pods, nzn_ghost_randoct, dreamdust_mushroom_princess,
          serial_bayou_shore_a
Lair:5:   minmay_lair_end_frog_pond, layout_cave_pods,
          nicolae_slime_entry_field_trip, bh_autumn_forest_stairs
Shoals:1: cheibrodos_shoals_roost, layout_shoals, serial_shops,
          nicolae_shop_rolling_square, ebering_ghost_inner_flame,
          portal_ice_cave_entry_ice_statue_one, uniq_nikola, uniq_kirke
Shoals:2: layout_shoals, uniq_donald
Shoals:3: layout_shoals, serial_shops, shop, nicolae_shoals_isolated_beach,
          uniq_ilsuiw
Shoals:4: shoals_end_simple, layout_shoals, nicolae_shoals_spectral_cove
Spider:1: nicolae_spider_hilbert_zone_5 [nicolae_spider_hilbert_3_sides_1_open,
          nicolae_spider_hilbert_4_sides_1_open,
          nicolae_spider_hilbert_4_sides_1_open,
          nicolae_spider_hilbert_6_sides_1_open,
          nicolae_spider_hilbert_6_sides_1_open]
Spider:2: layout_chambers
Spider:3: layout_chambers, drop_trap, hellmonk_spider_spawner
Spider:4: spider_rune_water, uniq_arachne
Orc:1:    layout_diamond_mine, nicolae_orc_quarried_blocks
Orc:2:    grunt_orc_tribal_feast, layout_caves, ebering_ghost_xom
Elf:1:    minmay_guarded_unrand_folly, layout_geoelf_octagon,
          hangedman_elven_crosses_minicolossus, dk_noncrumbling_3,
          hangedman_elf_power_crystal, nicolae_wooded_promenade,
          nicolae_elf_big_sculpture_2
Elf:2:    elven_hall_of_blades_hangedman_original
          [nicolae_blade_entry_hurt_lockers], layout_geoelf_octagon
Elf:3:    nooodl_elf_gasket, layout_geoelf_octagon
Vaults:1: v_misc_33, nicolae_vaults_octothorpe, ontoclasm_vaults_shuriken,
          lightli_orcish_oven, nicolae_vaults_tangram_1, v_misc_29,
          vaults_room_door_ring, vaults_dpeg_hooks,
          nicolae_vaults_cornered_office,
          serial_library_hellmonk_reading_circle, layout_vaults_omnicross
Vaults:2: gammafunk_ghost_spectres, nicolae_vaults_sesquioval_fish,
          nicolae_vaults_door_testing_chamber,
          nicolae_vaults_offset_grid_hallway_3, hangedman_vaults_impose,
          minmay_crypt_entry_simple_plaza, nicolae_vaults_loss_of_containment,
          nicolae_vaults_little_ls, v_misc_16, dpeg_vaults_monster_box,
          hangedman_vaults_slither, v_misc_27, vaults_mumra_minichess_inversion,
          nicolae_vaults_house_2, serial_library_hellmonk_semicircle,
          nicolae_vaults_shelves_hall, layout_vaults_maze_bifur, uniq_saint_roka
Vaults:3: nicolae_vaults_diagonal_hallway_7, nicolae_vaults_circle_grid_b,
          v_misc_15, nicolae_vaults_trapezoid_lopsided_2,
          nicolae_vaults_tetromino_L_1, nicolae_vaults_surprise_closet,
          nicolae_vaults_two_Ls, ontoclasm_vaults_decontamination, v_misc_26,
          nicolae_vaults_murder_corner, nicolae_vaults_closet_pinwheel_4,
          ontoclasm_vaults_spin, layout_vaults_omnigrid, uniq_margery
Vaults:4: vaults_room_fours, nicolae_vaults_mitosis, nicolae_vaults_triangles,
          hangedman_vaults_variations, vaults_room_corners,
          vaults_dpeg_diagonal, nicolae_vaults_security_offices_5,
          nicolae_vaults_trapezoid_lopsided_1, hangedman_vaults_corner_blocks,
          serial_library_hellmonk_open_cross,
          nicolae_vaults_trapezoid_lopsided_1, nicolae_vaults_ninety_degrees,
          vaults_dpeg_ring, nicolae_vaults_two_Ls, nicolae_vaults_tetromino_T_2,
          nicolae_vaults_variable_pillar_hall, layout_vaults_ring
Vaults:5
Depths:1: layout_gridlike, glass_columns_a, hell_entry, serial_glass,
          glass_columns_a, glass_columns_a, amcnicky_mini_rare_corridor_liquid,
          st_stairs_5, grunt_ministairs_11, item_on_display_a
Depths:2: minmay_angry_zag, layout_basic, rand_demon_pan_entry_4,
          pf_hell_entry_tar_river, abyss_entry, infiniplex_staircase_zigzag_3
Depths:3: minmay_triangles_in_corner, layout_honeycomb, grunt_hell_entry_dis_mu,
          abyss_entry, minmay_misc_feat_doors, serial_shops, shop,
          serial_sigils, serial_sigils_hangedman_snap,
          serial_sigils_hangedman_confine, serial_sigils_hangedman_scratch,
          serial_sigils_hangedman_carve, serial_sigils_hangedman_etch,
          minmay_staircase_windowed_small, uniq_enchantress
Depths:4: grunt_x_marks_the_spot, layout_cave_shapes, enter_ziggurat_f,
          gammafunk_ghost_ooze, hell_entry, pdpol_wu_jian_five_deadly_venoms,
          minmay_guarded_unrand_zonguldrok, uniq_parghit
Zot:1:    gammafunk_sealed_arena, layout_gridlike
Zot:2:    layout_basic
Zot:3:    layout_twisted_circle, basic_altar
Zot:4:    grunt_zot_stairs_faceoff, layout_gridlike
Zot:5:    layout_misc_corridors

Skill      XL: |  1  2  3  4  5  6  7  8  9 10 11 12 13 14 15 16 17 18 19 20 21 22 23 24 25 26 27 |
---------------+----------------------------------------------------------------------------------+-----
Dodging        | 1 2 3 4 5 6 7 8 9 10 11 12 13 14 15 16 17 18 | 18.0
Armour         | 2 3 4 5 6 7 9 12 14 15 16 17 18 19 21 22 23 24 25 26 | 26.1
Fighting       | 4 5 6 7 8 9 10 11 12 13 14 15 16 17 18 19 20 | 20.2
Long Blades    | 4 5 6 7 8 9 10 11 12 13 14 15 16 17 18 19 20 | 20.6
Stealth        | 2 4 5 7 8 9 10 11 12 13 14 15 16 | 16.9
Evocations     | 4 7 8 10 11 13 14 15 16 17 18 19 20 21 | 21.6

Action                     |  1- 3 |  4- 6 |  7- 9 | 10-12 | 13-15 | 16-18 | 19-21 | 22-24 | 25-27 || total
---------------------------+-------+-------+-------+-------+-------+-------+-------+-------+-------++-------
  Melee: Falchion          |    74 |   143 |   293 |   333 |   437 |       |       |       |       ||  1280
         Dagger            |    63 |   136 |   119 |       |       |       |       |       |       ||   318
         Short sword       |       |       |   129 |       |       |       |       |       |       ||   129
         Long sword        |       |       |    26 |   176 |       |       |       |       |       ||   202
         Peck              |       |       |       |    91 |   213 |   101 |       |       |       ||   405
         Double sword      |       |       |       |   181 |   467 |       |       |       |       ||   648
         Scimitar          |       |       |       |       |   185 |   807 |  1076 |   677 |  1157 ||  3902
         Demon blade       |       |       |       |       |   169 |   797 |  1087 |   681 |  1168 ||  3902
         Bite              |       |       |       |       |       |   102 |   251 |   163 |   274 ||   790
         Headbutt          |       |       |       |       |       |       |       |   307 |   520 ||   827
  Throw: Dart              |       |       |       |     1 |       |       |       |       |       ||     1
Ability: Invent Gizmo      |       |       |       |       |     1 |       |       |       |       ||     1
  Evoke: Wand              |       |       |     2 |       |     6 |    11 |       |     3 |     8 ||    30
         Condenser vane    |       |       |       |       |       |     1 |       |       |     1 ||     2
         Box of beasts     |       |       |       |       |       |       |       |     1 |     1 ||     2
         Phantom mirror    |       |       |       |       |       |       |       |       |     1 ||     1
         Gell's gravitambo |       |       |       |       |       |       |       |       |     1 ||     1
    Use: Scroll            |       |     5 |     2 |    12 |    11 |    10 |     3 |     2 |    15 ||    60
         Potion            |       |       |     2 |     1 |     3 |     2 |       |     1 |    18 ||    27
   Stab: Sleeping          |     2 |       |       |     7 |    14 |    14 |    55 |    33 |    31 ||   156
         Petrified         |       |     6 |     2 |       |     8 |       |     3 |     5 |     7 ||    31
         Petrifying        |       |     1 |     1 |     2 |       |     1 |     5 |     4 |    17 ||    31
         Paralysed         |       |     1 |     4 |     4 |     1 |     6 |     4 |     3 |    10 ||    33
         Confused          |       |       |     1 |     5 |    15 |    13 |    33 |    44 |    39 ||   150
         Distracted        |       |       |     1 |     2 |     2 |     5 |    15 |     8 |     9 ||    42
         Held in net/web   |       |       |       |     1 |     3 |     1 |       |     1 |     9 ||    15
         Invisible         |       |       |       |       |    26 |    24 |    97 |    64 |    63 ||   274
 Armour: Leather armour    |    32 |    72 |       |       |       |       |       |       |       ||   104
         Quicksilver drago |       |    20 |   234 |   215 |   377 |   475 |   514 |   387 |   304 ||  2526
         Gold dragon scale |       |       |       |       |       |       |       |       |   488 ||   488
  Dodge: Dodged            |    37 |    98 |   199 |   261 |   574 |   719 |  1204 |   786 |  1049 ||  4927
         Repelled          |       |       |       |       |    29 |    55 |    29 |    28 |   110 ||   251

Table legend: (Time is in decaauts)
 A = Elapsed time spent in this place.
 B = Non-inter-level travel time spent in this place.
 C = Inter-level travel time spent in this place.
 D = Time resting spent in this place.
 E = Time spent auto-exploring this place.
 F = Levels seen in this place.
 G = Mean time per level.
                   A        B        C        D        E       F      G
               +--------+--------+--------+--------+--------+-----+--------+
         Total |  53612 |  49898 |   3714 |   3787 |  35522 |  50 | 1072.2 |
       Dungeon |  15924 |  14672 |   1252 |   1522 |  10499 |  15 | 1061.6 |
          Lair |   6487 |   5947 |    540 |    256 |   4734 |   5 | 1297.4 |
        Shoals |   3424 |   3203 |    221 |     96 |   2146 |   4 |  856.0 |
   Spider Nest |   4735 |   4513 |    222 |     26 |   3717 |   4 | 1183.8 |
  Orcish Mines |   2038 |   1809 |    229 |     42 |   1389 |   2 | 1019.0 |
   Elven Halls |   3901 |   3704 |    197 |    653 |   2186 |   3 | 1300.3 |
        Vaults |   6156 |   5874 |    282 |    360 |   4110 |   5 | 1231.2 |
        Depths |   4576 |   4295 |    281 |    206 |   3307 |   4 | 1144.0 |
           Zot |   5149 |   4663 |    486 |    515 |   2971 |   5 | 1029.8 |
         Abyss |      0 |      0 |      0 |      0 |      0 |   1 |    0.0 |
      Ice Cave |    724 |    724 |      0 |    110 |    295 |   1 |  724.0 |
      Gauntlet |    493 |    493 |      0 |      0 |    166 |   1 |  493.0 |
               +--------+--------+--------+--------+--------+-----+--------+

Top non-repeatable levels by time:
     D:6: 1835 daAuts
   Elf:3: 1818 daAuts
     D:8: 1718 daAuts
  Lair:5: 1691 daAuts
Depths:4: 1612 daAuts
Spider:3: 1559 daAuts
Vaults:5: 1526 daAuts
Spider:4: 1472 daAuts
   Zot:5: 1430 daAuts
  Lair:4: 1379 daAuts
   Elf:1: 1368 daAuts
Vaults:2: 1338 daAuts
  Lair:3: 1307 daAuts
   Orc:2: 1300 daAuts
Depths:3: 1242 daAuts
